NYP
SPOKANE INDIANS @ LOS ANGELES (NYP) ANGELS
07/13/2046
 
TOP OF THE 1ST
Spokane Indians batting - Pitching for Los Angeles (NYP) Angels : LHP Si-hun Yi
Pitching: LHP Si-hun Yi
Batting: RHB Luke Stark 0-0: Called Strike
0-1: Called Strike
0-2: Strikes out swinging
Batting: RHB Reilly Hawkins 0-0: Foul Ball, location: 2F
0-1: SINGLE (Groundball, 6S, EV 65.6 MPH) (infield hit)
Batting: RHB Eddie Wilkins 0-0: Ball
Reilly Hawkins steals 2nd base
1-0: Foul Ball, location: 2F
1-1: Ball
2-1: Ball
3-1: Called Strike
3-2: Strikes out swinging
Batting: RHB Josh Whitmore 0-0: Ball
1-0: Swinging Strike
1-1: Ground out 2-3 (Groundball, 15S, EV 68.8 MPH)
Top of the 1st over - 0 runs, 1 hit, 0 errors, 1 left on base; Spokane 0 - Los Angeles (NYP) 0
BOTTOM OF THE 1ST
Los Angeles (NYP) Angels batting - Pitching for Spokane Indians : LHP Matt Walton
Pitching: LHP Matt Walton
Batting: RHB Tristan Lewis 0-0: DOUBLE (Groundball, 5L, EV 111.2 MPH)
Batting: LHB Jonathon Walton 0-0: DOUBLE (Line Drive, 3D, EV 94.4 MPH)
Tristan Lewis scores
Batting: LHB Matthew Bale 0-0: SINGLE (Groundball, 15S, EV 70.0 MPH) (infield hit)
Jonathon Walton to third
Batting: LHB Brett Bugge 0-0: Called Strike
0-1: Called Strike
0-2: Strikes out looking
Batting: RHB J.R. Roberts 0-0: Grounds into double play, 4-6-3 (Groundball, 4, EV 101.9 MPH)
Bottom of the 1st over - 1 run, 3 hits, 0 errors, 1 left on base; Spokane 0 - Los Angeles (NYP) 1
TOP OF THE 2ND
Spokane Indians batting - Pitching for Los Angeles (NYP) Angels : LHP Si-hun Yi
Batting: RHB Josh Ferguson 0-0: Ground out 6-3 (Groundball, 6, EV 88.1 MPH)
Batting: RHB Antonio Pacheco 0-0: Ball
1-0: Foul Ball, location: 2F
1-1: Foul Ball, location: 2F
1-2: Ball
2-2: Ground out 6-3 (Groundball, 6, EV 103.1 MPH)
Batting: RHB Luis Reyna 0-0: Foul Ball, location: 2F
0-1: Ground out 5-3 (Groundball, 56S, EV 83.1 MPH)
Top of the 2nd over - 0 runs, 0 hits, 0 errors, 0 left on base; Spokane 0 - Los Angeles (NYP) 1
BOTTOM OF THE 2ND
Los Angeles (NYP) Angels batting - Pitching for Spokane Indians : LHP Matt Walton
Batting: LHB Mario Anguiano 0-0: Foul Ball, location: 2F
0-1: Foul Ball, location: 2F
0-2: Foul Ball, location: 2F
0-2: Ball
1-2: Ball
2-2: DOUBLE (Line Drive, 7LD, EV 103.1 MPH)
Batting: LHB Spencer Palmer 0-0: Ball
1-0: Ball
Wild Pitch!
Mario Anguiano to third
2-0: SINGLE (Groundball, 34S, EV 73.8 MPH) (infield hit)
Batting: LHB Nick Isaac 0-0: Called Strike
0-1: Ball
1-1: Fly out, F8 (Flyball, 8RD, EV 84.4 MPH)
Runner from 3rd tags up, OUT at HOME! 8-2
Spencer Palmer to second
Batting: LHB Jamie Diebel 0-0: Swinging Strike
0-1: Ball
1-1: Ball
2-1: Ball
3-1: Foul Ball, location: 2F
3-2: Strikes out swinging
Bottom of the 2nd over - 0 runs, 2 hits, 0 errors, 1 left on base; Spokane 0 - Los Angeles (NYP) 1
TOP OF THE 3RD
Spokane Indians batting - Pitching for Los Angeles (NYP) Angels : LHP Si-hun Yi
Batting: RHB Darnell Jones 0-0: Ball
1-0: Swinging Strike
1-1: Ball
2-1: Ball
3-1: Ground out 4-3 (Groundball, 4, EV 84.4 MPH)
Batting: LHB Dave Doughty 0-0: Ball
1-0: Ball
2-0: Ball
3-0: Ground out U3 (Groundball, 3, EV 88.8 MPH)
Batting: RHB Luke Stark 0-0: SINGLE (Groundball, 34D, EV 97.5 MPH)
Batting: RHB Reilly Hawkins 0-0: Called Strike
0-1: Fly out, F4 (Popup, 4S, EV 78.8 MPH)
Top of the 3rd over - 0 runs, 1 hit, 0 errors, 1 left on base; Spokane 0 - Los Angeles (NYP) 1
BOTTOM OF THE 3RD
Los Angeles (NYP) Angels batting - Pitching for Spokane Indians : LHP Matt Walton
Batting: RHB Tristan Lewis 0-0: Swinging Strike
0-1: Foul Ball, location: 2F
0-2: Ball
1-2: Ball
2-2: Strikes out looking
Batting: LHB Jonathon Walton 0-0: Ground out 4-3 (Groundball, 4, EV 106.9 MPH)
Batting: LHB Matthew Bale 0-0: Ground out 6-3 (Groundball, 6, EV 85.0 MPH)
Bottom of the 3rd over - 0 runs, 0 hits, 0 errors, 0 left on base; Spokane 0 - Los Angeles (NYP) 1
TOP OF THE 4TH
Spokane Indians batting - Pitching for Los Angeles (NYP) Angels : LHP Si-hun Yi
Batting: RHB Eddie Wilkins 0-0: Ball
1-0: Reached on error, E5 (Groundball, 56, EV 105.6 MPH)
Batting: RHB Josh Whitmore 0-0: Called Strike
0-1: SINGLE (Flyball, 9S, EV 93.1 MPH)
Eddie Wilkins to third
Batting: RHB Josh Ferguson 0-0: Ball
Josh Whitmore steals 2nd, throwing error, E2
Eddie Wilkins scores
Josh Whitmore to third
1-0: Foul Ball, location: 2F
1-1: Ball
2-1: Ball
3-1: Ground out 6-3 (Groundball, 6, EV 85.0 MPH)
Josh Whitmore scores
Batting: RHB Antonio Pacheco 0-0: Swinging Strike
0-1: Ball
1-1: Swinging Strike
1-2: SINGLE (Groundball, 34D, EV 110.6 MPH)
Batting: RHB Luis Reyna 0-0: Ball
Antonio Pacheco steals 2nd, throwing error, E2
Antonio Pacheco to third
1-0: Ball
2-0: Called Strike
2-1: Foul Ball, location: 2F
2-2: Ball
3-2: Fly out, F9 (Line Drive, 89M, EV 88.1 MPH)
Runner from 3rd tags up, OUT at HOME! 9-2
Top of the 4th over - 2 runs, 2 hits, 3 errors, 0 left on base; Spokane 2 - Los Angeles (NYP) 1
BOTTOM OF THE 4TH
Los Angeles (NYP) Angels batting - Pitching for Spokane Indians : LHP Matt Walton
Batting: LHB Brett Bugge 0-0: Called Strike
0-1: Swinging Strike
0-2: Ball
1-2: Foul Ball, location: 2F
1-2: Foul Ball, location: 2F
1-2: Foul Ball, location: 2F
1-2: Ball
2-2: Strikes out looking
Batting: RHB J.R. Roberts 0-0: Ball
1-0: Called Strike
1-1: Called Strike
1-2: Strikes out looking
Batting: LHB Mario Anguiano 0-0: Called Strike
0-1: Called Strike
0-2: Foul Ball, location: 2F
0-2: Ball
1-2: Foul Ball, location: 2F
1-2: Strikes out swinging
Bottom of the 4th over - 0 runs, 0 hits, 0 errors, 0 left on base; Spokane 2 - Los Angeles (NYP) 1
TOP OF THE 5TH
Spokane Indians batting - Pitching for Los Angeles (NYP) Angels : LHP Si-hun Yi
Batting: RHB Darnell Jones 0-0: Swinging Strike
0-1: Swinging Strike
0-2: Ball
1-2: Strikes out looking
Batting: LHB Dave Doughty 0-0: Called Strike
0-1: Foul Ball, location: 2F
0-2: Hit by Pitch
Batting: RHB Luke Stark 0-0: Fly out, F7 (Flyball, 7D, EV 77.5 MPH)
Batting: RHB Reilly Hawkins 0-0: Ground out 5-3 (Groundball, 56S, EV 84.4 MPH)
Top of the 5th over - 0 runs, 0 hits, 0 errors, 1 left on base; Spokane 2 - Los Angeles (NYP) 1
BOTTOM OF THE 5TH
Los Angeles (NYP) Angels batting - Pitching for Spokane Indians : LHP Matt Walton
Batting: LHB Spencer Palmer 0-0: Swinging Strike
0-1: Swinging Strike
0-2: Strikes out swinging
Batting: LHB Nick Isaac 0-0: Ball
1-0: Called Strike
1-1: Foul Ball, location: 2F
1-2: Fly out, F9 (Flyball, 9, EV 90.6 MPH)
Batting: LHB Jamie Diebel 0-0: Foul Ball, location: 2F
0-1: Foul Ball, location: 2F
0-2: Fly out, F8 (Flyball, 8RXD, EV 96.2 MPH)
Bottom of the 5th over - 0 runs, 0 hits, 0 errors, 0 left on base; Spokane 2 - Los Angeles (NYP) 1
TOP OF THE 6TH
Spokane Indians batting - Pitching for Los Angeles (NYP) Angels : LHP Si-hun Yi
Batting: RHB Eddie Wilkins 0-0: Foul Ball, location: 2F
0-1: Foul Ball, location: 2F
0-2: Foul Ball, location: 2F
0-2: Foul Ball, location: 2F
0-2: SINGLE (Groundball, 6D, EV 96.2 MPH)
Batting: RHB Josh Whitmore 0-0: Ball
1-0: 2-RUN HOME RUN (Flyball, 7D, EV 105.0 MPH), Distance : 400 ft
Batting: RHB Josh Ferguson 0-0: Swinging Strike
0-1: Ball
1-1: TRIPLE (Flyball, 89XD, EV 106.2 MPH)
Batting: RHB Antonio Pacheco 0-0: Called Strike
0-1: Ball
1-1: Foul Ball, location: 2F
1-2: Ball
2-2: Foul Ball, location: 2F
2-2: Strikes out looking
Batting: RHB Luis Reyna 0-0: Ball
1-0: Ball
2-0: Foul Ball, location: 2F
2-1: Ball
3-1: Fly out, F8 (Flyball, 78D, EV 77.5 MPH)
Runner from 3rd tags up, SCORES, throw by CF
Batting: RHB Darnell Jones 0-0: Foul Ball, location: 2F
0-1: SINGLE (Groundball, 4MD, EV 98.8 MPH)
Pitching: RHP Adam Hefner
Batting: LHB Dave Doughty 0-0: Ball
Darnell Jones steals 2nd base (no throw)
1-0: Foul Ball, location: 2F
1-1: Foul Ball, location: 2F
1-2: Ground out 3-1 (Groundball, 34, EV 85.0 MPH)
Top of the 6th over - 3 runs, 4 hits, 0 errors, 1 left on base; Spokane 5 - Los Angeles (NYP) 1
BOTTOM OF THE 6TH
Los Angeles (NYP) Angels batting - Pitching for Spokane Indians : LHP Matt Walton
Batting: RHB Tristan Lewis 0-0: Ball
1-0: Called Strike
1-1: Ball
2-1: SINGLE (Groundball, 56D, EV 95.6 MPH)
Batting: LHB Jonathon Walton 0-0: Called Strike
Tristan Lewis is caught stealing 2nd base 2-6
0-1: Foul Ball, location: 2F
0-2: Ball
1-2: Ball
2-2: Strikes out swinging
Batting: LHB Matthew Bale 0-0: Called Strike
0-1: Ball
1-1: Ball
2-1: SOLO HOME RUN (Flyball, 9D, EV 96.2 MPH), Distance : 395 ft
Batting: LHB Brett Bugge 0-0: Ball
1-0: Called Strike
1-1: Foul Ball, location: 2F
1-2: Ball
2-2: Fly out, F9 (Flyball, 9, EV 95.6 MPH)
Bottom of the 6th over - 1 run, 2 hits, 0 errors, 0 left on base; Spokane 5 - Los Angeles (NYP) 2
TOP OF THE 7TH
Spokane Indians batting - Pitching for Los Angeles (NYP) Angels : RHP Adam Hefner
Pitching: RHP Dean LeCroy
Batting: RHB Luke Stark 0-0: Ball
1-0: Ground out 6-3 (Groundball, 6M, EV 79.4 MPH)
Pinch Hitting: LHB Jesus Romero 0-0: Ball
1-0: Ball
2-0: Foul Ball, location: 2F
2-1: Foul Ball, location: 2F
2-2: Foul Ball, location: 2F
2-2: Ground out U3 (Groundball, 34, EV 81.9 MPH)
Batting: RHB Eddie Wilkins 0-0: Ground out 3-1 (Groundball, 34, EV 90.6 MPH)
Top of the 7th over - 0 runs, 0 hits, 0 errors, 0 left on base; Spokane 5 - Los Angeles (NYP) 2
BOTTOM OF THE 7TH
Los Angeles (NYP) Angels batting - Pitching for Spokane Indians : LHP Matt Walton
Now at 3B: Sal Espinosa
Now in CF: Casper Kersten
Batting: RHB J.R. Roberts 0-0: Ball
1-0: Ball
2-0: Called Strike
2-1: Ground out 4-3 (Groundball, 4, EV 83.1 MPH)
Batting: LHB Mario Anguiano 0-0: Ball
1-0: Swinging Strike
1-1: Foul Ball, location: 2F
1-2: Ground out U3 (Groundball, 3, EV 82.5 MPH)
Batting: LHB Spencer Palmer 0-0: Fly out, F4 (Line Drive, 4, EV 76.2 MPH)
Bottom of the 7th over - 0 runs, 0 hits, 0 errors, 0 left on base; Spokane 5 - Los Angeles (NYP) 2
TOP OF THE 8TH
Spokane Indians batting - Pitching for Los Angeles (NYP) Angels : RHP Dean LeCroy
Batting: RHB Josh Whitmore 0-0: Ball
1-0: Ball
2-0: Ball
3-0: Base on Balls
Batting: RHB Josh Ferguson 0-0: Ball
1-0: Ball
Wild Pitch!
Josh Whitmore to second
2-0: Fly out, F8 (Flyball, 8LD, EV 110.0 MPH)
Batting: RHB Antonio Pacheco 0-0: Swinging Strike
0-1: Called Strike
0-2: Ball
1-2: Strikes out swinging
Batting: RHB Luis Reyna 0-0: Ground out 1-3 (Groundball, 13S, EV 68.8 MPH)
Top of the 8th over - 0 runs, 0 hits, 0 errors, 1 left on base; Spokane 5 - Los Angeles (NYP) 2
BOTTOM OF THE 8TH
Los Angeles (NYP) Angels batting - Pitching for Spokane Indians : LHP Matt Walton
Now at 1B: Herb Craig
Batting: LHB Nick Isaac 0-0: Ball
1-0: Foul Ball, location: 2F
1-1: Ball
2-1: Ball
3-1: Base on Balls
Batting: LHB Jamie Diebel 0-0: Called Strike
0-1: Swinging Strike
0-2: Ball
1-2: Ball
2-2: Grounds into double play, 3-6-1 (Groundball, 3, EV 83.8 MPH)
Batting: RHB Tristan Lewis 0-0: Called Strike
0-1: Swinging Strike
0-2: Foul Ball, location: 2F
0-2: Ball
1-2: Ball
2-2: Strikes out swinging
Bottom of the 8th over - 0 runs, 0 hits, 0 errors, 0 left on base; Spokane 5 - Los Angeles (NYP) 2
TOP OF THE 9TH
Spokane Indians batting - Pitching for Los Angeles (NYP) Angels : RHP Dean LeCroy
Batting: RHB Darnell Jones 0-0: Called Strike
0-1: Ball
1-1: TRIPLE (Flyball, 7D, EV 86.2 MPH)
Batting: LHB Dave Doughty 0-0: Foul Ball, location: 2F
0-1: Ground out 4-3 (Groundball, 4, EV 89.4 MPH)
Darnell Jones scores
Batting: RHB Luke Stark 0-0: Ball
1-0: Foul Ball, location: 2F
1-1: Ball
2-1: Ball
3-1: Foul Ball, location: 2F
3-2: DOUBLE (Flyball, 8RXD, EV 110.6 MPH)
Batting: LHB Casper Kersten 0-0: Ball
1-0: Foul Ball, location: 2F
1-1: Ball
2-1: Foul Ball, location: 2F
2-2: SINGLE (Groundball, 4MS, EV 64.4 MPH) (infield hit)
Luke Stark to third
Batting: RHB Sal Espinosa 0-0: Called Strike
Casper Kersten is caught stealing 2nd base 2-4
0-1: SINGLE (Groundball, 56S, EV 63.1 MPH) (infield hit)
Luke Stark scores
Batting: RHB Josh Whitmore 0-0: Called Strike
Sal Espinosa steals 2nd base
0-1: Foul Ball, location: 2F
0-2: Ball
Wild Pitch!
Sal Espinosa to third
1-2: Ball
Wild Pitch!
Sal Espinosa scores
2-2: Ball
3-2: Ground out 4-3 (Groundball, 4M, EV 105.0 MPH)
Top of the 9th over - 3 runs, 4 hits, 0 errors, 0 left on base; Spokane 8 - Los Angeles (NYP) 2
BOTTOM OF THE 9TH
Los Angeles (NYP) Angels batting - Pitching for Spokane Indians : LHP Matt Walton
Batting: LHB Jonathon Walton 0-0: Ground out U3 (Groundball, 3S, EV 78.8 MPH)
Batting: LHB Matthew Bale 0-0: Called Strike
0-1: Ball
1-1: Ball
2-1: Foul Ball, location: 2F
2-2: SINGLE (Groundball, 34, EV 105.0 MPH)
Pitching: RHP Matt Fox
Batting: LHB Brett Bugge 0-0: Ball
1-0: Foul Ball, location: 2F
1-1: Grounds out, U3 (Groundball, 3L, EV 96.9 MPH)
Batting: RHB J.R. Roberts 0-0: Called Strike
0-1: Ball
1-1: Called Strike
1-2: Foul Ball, location: 2F
1-2: Strikes out swinging, 2-3 out at first.
Bottom of the 9th over - 0 runs, 1 hit, 0 errors, 1 left on base; Spokane 8 - Los Angeles (NYP) 2
Tuesday, September 13th , 2022 - OOTP Baseball 23.7 Build 88